 Dungeon Crawl Stone Soup version 0.31.0-9-g3a7656b989 (webtiles) character file.

Game seed: 13162838754423620271

996 monsoonserge the Slicer (level 7, 0/37 HPs)
             Began as a Spriggan Monk on Jan 25, 2024.
             Splashed by a jelly's acid (9 damage)
             ... on level 5 of the Dungeon.
             The game lasted 00:12:52 (3938 turns).

monsoonserge the Slicer (Spriggan Monk)             Turns: 3938, Time: 00:12:53

Health: 0/37       AC: -5    Str:  7    XL:     7   Next: 99%
Magic:  8/8        EV: 21    Int: 12    God:
Gold:   152        SH:  0    Dex: 19    Spells: 6/6 levels left

rFire   . . .        i - +1 dagger (drain)
rCold   . . .        d - orb {light}
rNeg    . . .        b - +0 robe
rPois   +            (helmet restricted)
rElec   .            w - +0 cloak
rCorr   .            (gloves unavailable)
SInv    +            (boots unavailable)
Will    +....        (no amulet)
Stlth   +            a - ring of poison resistance
HPRegen 0.26/turn    (no ring)
MPRegen 0.11/turn

%: no passive effects
@: corroded, glowing, very quick
A: very small, no large weapons, unfitting armour, see invisible, speed 3
a: no special abilities


You were on level 5 of the Dungeon.
You visited 1 branch of the dungeon, and saw 5 of its levels.

You collected 264 gold pieces.
You spent 112 gold pieces at shops.

Inventory:

Hand Weapons
 i - a +1 dagger of draining (weapon)
 m - a +0 dagger of electrocution
 q - a +0 short sword of venom
 B - a +2 sling of freezing
Missiles
 g - 20 poisoned darts (quivered)
 s - a throwing net
Armour
 b - a +0 robe (worn)
 d - an orb of light (worn)
 w - a +0 cloak (worn)
Jewellery
 a - a ring of poison resistance (left hand)
Wands
 C - a wand of polymorph (7)
Scrolls
 e - 8 scrolls of identify {unknown}
 f - 2 scrolls of blinking
 h - a scroll of summoning {unknown}
 l - 2 scrolls of revelation {unknown}
 o - a scroll of fog {unknown}
 t - 3 scrolls of teleportation {unknown}
 u - 2 scrolls of amnesia {unknown}
 v - 2 scrolls of poison {unknown}
 x - 3 scrolls of fear {unknown}
 y - a scroll of vulnerability {unknown}
 z - 2 scrolls of noise {unknown}
Potions
 c - 2 potions of ambrosia
 j - 2 potions of curing
 k - a potion of resistance {unknown}
 n - a potion of lignification
 p - a potion of mutation {unknown}
 r - a potion of enlightenment {unknown}
 A - a potion of attraction {unknown}


   Skills:
 + Level 3.8 Fighting
 * Level 8.2 Short Blades
 + Level 1.9 Throwing
 + Level 6.7 Dodging
 + Level 1.8 Stealth


You had 6 spell levels left.
You didn't know any spells.
Your spell library contained the following spells:

 Spells                   Type           Power      Damage    Failure   Level
 Shock                    Conj/Air       0%         1d3       32%         1
 Summon Small Mammal      Summ           0%         N/A       32%         1
 Call Imp                 Summ           0%         N/A       45%         2
 Sublimation of Blood     Necr           0%         N/A       45%         2
 Call Canine Familiar     Summ           0%         N/A       69%         3
 Swiftness                Air            0%         N/A       69%         3
 Volatile Blastmotes      Fire/Tloc      0%         2d10      69%         3
 Airstrike                Air            0%         2d(0-16)  97%         4
 Fulminant Prism          Conj/Alch      0%         3d5       97%         4
 Iskenderun's Mystic Bla  Conj/Tloc      0%         2d3       97%         4
 Summon Blazeheart Golem  Fire/Summ      0%         N/A       97%         4
 Summon Hydra             Summ           0%         N/A       100%        7


Dungeon Overview and Level Annotations

Branches:
Dungeon (5/15)
 Temple: D:4-7

Altars:
Gozag
Sif Muna
Trog
Zin

Shops:
D:5 *

Annotations:
D:3 1 runed translucent door, Crazy Yiuf


Innate Abilities, Weirdness & Mutations

You are very small and have problems with some larger weapons.
You are too small for most types of armour.
You have supernaturally acute eyesight. (SInv)
You cover ground extremely quickly. (Speed+++)


Message History

You open the door.
Found a stone staircase leading down.
There is an open door here.
Found a potion of ambrosia.
z - 2 scrolls labelled DOLACIP ARAWK (gained 1)
c - 2 potions of ambrosia (gained 1)
There are no items here.
You open the door.
There is an open door here.
You open the door.
There is an open door here.
You open the door.
A jelly comes into view.
The jelly quivers.
The jelly closely misses you.
You hit the jelly. You drain the jelly.
Your hands burn!
The jelly is moderately wounded.
The jelly completely misses you.
You hit the jelly.
Your hands burn!
The jelly is heavily wounded.
You hit the jelly. You drain the jelly. The acid corrodes you!
Your hands burn!
The jelly is severely wounded.
The jelly misses you.
You hit the jelly but do no damage.
Your hands burn!
The jelly is severely wounded.
You hit the jelly but do no damage.
Your hands burn!
The jelly is severely wounded.
The jelly completely misses you.
You hit the jelly.
Your hands burn!
The jelly is almost dead.
The jelly misses you.
You hit the jelly.
Your hands burn!
The jelly is almost dead.
You hit the jelly.
Your hands burn!
* * * LOW HITPOINT WARNING * * *
The jelly is almost dead.
The jelly hits you.
* * * LOW HITPOINT WARNING * * *
The acid corrodes you!
You are splashed with acid!
You die...

################## #
#................# #
#................# #
#....@##.....##..# #
#....J##.....##..#####
#.....##.....#........
#######......#........
#......##...###.
#......##...####
#.......#...#...
#.......#...'...
#.....####'####.


You could see a jelly (very drained).

Vanquished Creatures
  Grinder (D:3)
  A black bear (D:5)
  A phantom (D:5)
  2 kobold brigands (D:4)
  A scorpion (D:4)
  3 bombardier beetles
  A howler monkey (D:5)
  An orc priest (D:5)
  2 hounds
  A sleepcap (D:4)
  An orc wizard (D:5)
  4 gnolls (D:4)
  6 adders
  A white imp (D:5)
  4 dart slugs
  8 orcs
  4 ball pythons
  2 bats (D:1)
  9 endoplasms
  5 giant cockroaches
  3 hobgoblins
  2 jackals (D:3)
  A quokka (D:2)
  A frilled lizard (D:2)
  6 goblins
  14 kobolds
  3 rats (D:3)
88 creatures vanquished.

Notes
Turn   | Place    | Note
-------+----------+-------------------------------------------
     0 | D:1      | monsoonserge the Spriggan Monk began the quest for the Orb.
     0 | D:1      | Reached XP level 1. HP: 11/11 MP: 2/2
   218 | D:1      | Found a faded altar of an unknown god.
   352 | D:1      | You fall into a shaft and drop 1 floor!
   464 | D:1      | Reached XP level 2. HP: 16/16 MP: 3/3
   679 | D:2      | Reached skill level 4 in Short Blades
   679 | D:2      | Reached XP level 3. HP: 19/19 MP: 4/4
  1408 | D:3      | Reached XP level 4. HP: 12/23 MP: 5/5
  1535 | D:3      | Found a glowing silver altar of Zin.
  1536 | D:3      | Found a shimmering blue altar of Sif Muna.
  1891 | D:3      | Noticed Grinder
  1930 | D:3      | HP: 1/23 [Grinder (10)]
  1943 | D:3      | Paralysed by Grinder for 4 turns
  1952 | D:3      | Killed Grinder
  1953 | D:3      | Reached skill level 6 in Short Blades
  1953 | D:3      | Reached skill level 5 in Dodging
  1953 | D:3      | Reached XP level 5. HP: 18/28 MP: 6/6
  1953 | D:3      | Reached XP level 6. HP: 20/32 MP: 7/7
  2199 | D:3      | Found a runed translucent door.
  2200 | D:3      | Noticed Crazy Yiuf
  2695 | D:4      | Reached skill level 7 in Short Blades
  2851 | D:4      | Reached XP level 7. HP: 28/36 MP: 8/8
  2872 | D:4      | Found an opulent altar of Gozag.
  2989 | D:4      | Reached skill level 1 in Stealth
  3381 | D:5      | Entered Level 5 of the Dungeon
  3574 | D:5      | Found a bloodstained altar of Trog.
  3631 | D:5      | Reached skill level 8 in Short Blades
  3631 | D:5      | Reached skill level 1 in Throwing
  3749 | D:5      | Found Ufiasaob's General Store.
  3788 | D:5      | Bought a scroll of blinking for 112 gold pieces
  3938 | D:5      | Splashed by a jelly's acid

Illustrated notes

Levels and vault maps discovered:
D:1:      spicycebolla_arrival_risky_transporter, layout_basic,
          chequers_ecumenical_altar_island
D:2:      layout_basic
D:3:      layout_basic, mainiacjoe_overflow_divided_tiny,
          uniq_crazy_yiuf_cottage, uniq_grinder
D:4:      cheibrodos_thug_alley, layout_basic,
          nicolae_gozag_cash_rules_everything_around_me
D:5:      layout_gridville, trog_book, serial_shops, nicolae_shop_behind_doors,
          serial_park_tiny_pond, kennysheep_generic_room_16

Skill      XL: |  1  2  3  4  5  6  7 |
---------------+----------------------+-----
Short Blades   | 4 6 7 8 |  8.2
Fighting       | 3 |  3.8
Dodging        | 5 6 |  6.7
Stealth        | 1 |  1.8
Throwing       | 1 |  1.9

Action                     |  1- 3 |  4- 6 |  7- 9 || total
---------------------------+-------+-------+-------++-------
  Melee: Short sword       |    16 |       |       ||    16
         Dagger            |    76 |   152 |    94 ||   322
   Fire: Sling             |       |       |     4 ||     4
  Throw: Dart              |       |     4 |    26 ||    30
    Use: Potion            |       |     2 |       ||     2
 Armour: Robe              |    15 |    26 |     7 ||    48
         Skin              |       |    12 |       ||    12
  Dodge: Dodged            |    61 |    74 |    60 ||   195
